 Dungeon Crawl Stone Soup version 0.30-a0-1112-gfb780f5df6 (webtiles) character file.

Game seed: 11811990382574933602

270 Sabo the Covered (level 6, -1/38 HPs)
             Began as a Gargoyle Fighter on Apr 19, 2023.
             Was an Initiate of Makhleb.
             Slain by Pikel
             ... wielding a +2 whip of freezing
              (8 damage)
             ... on level 4 of the Dungeon.
             The game lasted 00:15:07 (3278 turns).

Sabo the Covered (Gargoyle Fighter)                 Turns: 3278, Time: 00:15:08

Health: -1/38      AC: 11    Str: 28    XL:     6   Next: 22%
Magic:  6/6        EV: 10    Int:  8    God:    Makhleb [......]
Gold:   210        SH:  4    Dex:  9    Spells: 5/5 levels left

rFire   . . .      SeeInvis .    f - +2 spear (flame)
rCold   . . .      Faith    .    c - +0 buckler
rNeg    + . .      Spirit   .    b - +0 scale mail
rPois   ∞          Reflect  .    (no helmet)
rElec   +          Rampage  .    (no cloak)
rCorr   .                        (no gloves)
Will    +....                    (no boots) Stlth
                                 (no amulet)
HPRegen 0.26/turn                i - ring of willpower
MPRegen 0.10/turn                o - +6 ring of strength

@: no status effects
A: sickness immunity, AC +4, negative energy resistance 1, electricity
resistance, torment resistance 1, petrification resistance
a: Renounce Religion


You were on level 4 of the Dungeon.
You worshipped Makhleb.
Makhleb was noncommittal.
You visited 1 branch of the dungeon, and saw 4 of its levels.

You collected 210 gold pieces.

Inventory:

Hand Weapons
 a - a +0 war axe
 f - a +2 spear of flaming (weapon)
Missiles
 l - 13 poisoned darts (quivered)
 n - 2 datura-tipped darts
Armour
 b - a +0 scale mail (worn)
 c - a +0 buckler (worn)
Jewellery
 i - a ring of willpower (left hand)
 o - a +6 ring of strength (right hand)
Scrolls
 e - 2 scrolls of teleportation
 k - a scroll of fog
 s - a scroll of fear
Potions
 d - a potion of might
 g - a potion of invisibility
 h - 2 potions of haste
 j - 3 potions of curing
 m - 2 potions of flight
 p - a potion of degeneration {unknown}


   Skills:
 + Level 4.1 Fighting
 + Level 2.0(2.8) Axes
 + Level 3.1(3.4) Polearms
 + Level 4.7 Armour
 + Level 0.8 Dodging
 + Level 0.6 Stealth
 + Level 3.9 Shields


You had 5 spell levels left.
You didn't know any spells.
Your spell library contained the following spells:

 Spells                   Type           Power      Damage    Failure   Level
 Apportation              Tloc           0%         N/A       75%         1
 Alistair's Intoxication  Tmut/Pois      0%         N/A       100%        5


Dungeon Overview and Level Annotations

Branches:
Dungeon (4/15)
 Temple: D:4-7

Altars:
Makhleb
Wu Jian

Annotations:
D:4 Pikel


Innate Abilities, Weirdness & Mutations

You are immune to sickness and miasma.
Your stone body is resilient. (AC +4)
You are immune to poison.
You resist negative energy. (rN+)
You are resistant to electric shocks. (rElec)
You are resistant to unholy torment.
You are immune to petrification.


Message History

Pikel freezes you.
You barely miss Pikel.
Pikel is heavily wounded.
Pikel barely misses you.
You hit Pikel but do no damage.
Pikel is heavily wounded.
Pikel completely misses you.
You hit Pikel. You burn Pikel.
Pikel is severely wounded.
Pikel hits you but does no damage.
You barely miss Pikel.
Pikel is severely wounded.
Pikel hits you with a +2 whip of freezing.
Pikel freezes you.
You closely miss Pikel.
Pikel is severely wounded.
Pikel hits you with a +2 whip of freezing.
Pikel freezes you.
You hit Pikel. You burn Pikel.
Pikel is almost dead.
Pikel closely misses you.
You closely miss Pikel.
Pikel is almost dead.
Pikel barely misses you.
You hit Pikel. You burn Pikel.
Pikel is almost dead.
Pikel hits you but does no damage.
You hit Pikel but do no damage.
Pikel is almost dead.
Pikel hits you with a +2 whip of freezing!
* * * LOW HITPOINT WARNING * * *
Pikel freezes you.
* * * LOW HITPOINT WARNING * * *
You hit Pikel but do no damage.
Pikel is almost dead.
Pikel barely misses you.
You miss Pikel.
Pikel is almost dead.
Pikel hits you with a +2 whip of freezing!
You die...

.. .. #.
.....!. #.##
....... #..#
<..5...
#..###..5K...
#..##........
#.@##..5.....
##K##........
#J5.........
#55.........
#...........
#.........##
#........##
##......##
########


You could see Pikel, 3 lemures and a jelly.

Vanquished Creatures
  A phantom (D:3)
  A scorpion (D:3)
  5 adders
  7 dart slugs
  8 orcs (D:3)
  6 bats
  7 endoplasms
  5 giant cockroaches
  5 goblins
  6 hobgoblins
  2 jackals (D:2)
  4 quokkas
  2 ball pythons
  2 frilled lizards (D:1)
  3 kobolds
  6 rats
70 creatures vanquished.

Notes
Turn   | Place    | Note
-------+----------+-------------------------------------------
     0 | D:1      | Sabo the Gargoyle Fighter began the quest for the Orb.
     0 | D:1      | Reached XP level 1. HP: 14/14 MP: 1/1
   147 | D:1      | Reached XP level 2. HP: 18/19 MP: 2/2
   828 | D:1      | Reached XP level 3. HP: 22/23 MP: 3/3
  1339 | D:2      | Reached skill level 1 in Polearms
  1398 | D:2      | Reached XP level 4. HP: 28/29 MP: 4/4
  2117 | D:3      | Found a burning altar of Makhleb.
  2119 | D:3      | Found an ornate altar of the Wu Jian Council.
  2177 | D:3      | Became a worshipper of Makhleb the Destroyer
  2369 | D:3      | Reached XP level 5. HP: 33/33 MP: 5/5
  2578 | D:3      | Noticed a phantom
  2590 | D:3      | Killed a phantom
  2884 | D:3      | Reached XP level 6. HP: 35/38 MP: 6/6
  3246 | D:4      | Noticed Pikel
  3278 | D:4      | Slain by Pikel

Illustrated notes

Levels and vault maps discovered:
D:1:      matt_arrival_los_fun, layout_loops_cross
D:2:      layout_basic
D:3:      layout_basic, jmf_multi_god_temple
D:4:      layout_cave_pods, gammafunk_temple_overflow_arena, grunt_ministairs_1,
          supply_closet_lemuel, minmay_diced_spiral, uniq_duvessa, uniq_ijyb,
          uniq_pikel

Skill      XL: |  1  2  3  4  5 |
---------------+----------------+-----
Axes           | 2 |  2.0
Polearms       | 1 2 3 |  3.1
Armour         | 4 |  4.7
Fighting       | 4 |  4.1
Dodging        | |  0.8
Stealth        | |  0.6
Shields        | |  3.9

Action                     |  1- 3 |  4- 6 || total
---------------------------+-------+-------++-------
  Melee: War axe           |    13 |       ||    13
         Spear             |    69 |   129 ||   198
    Use: Scroll            |     5 |     5 ||    10
         Potion            |       |     1 ||     1
 Armour: Scale mail        |    36 |    70 ||   106
  Dodge: Dodged            |    33 |    50 ||    83
  Block: Buckler           |    16 |    24 ||    40

Table legend: (Time is in decaauts)
 A = Elapsed time spent in this place.
 B = Non-inter-level travel time spent in this place.
 C = Inter-level travel time spent in this place.
 D = Time resting spent in this place.
 E = Time spent auto-exploring this place.
 F = Levels seen in this place.
 G = Mean time per level.
                   A        B        C        D        E       F      G
               +--------+--------+--------+--------+--------+-----+--------+
         Total |   3289 |   3289 |      0 |    340 |      0 |   4 |  822.2 |
       Dungeon |   3289 |   3289 |      0 |    340 |      0 |   4 |  822.2 |
               +--------+--------+--------+--------+--------+-----+--------+

Top non-repeatable levels by time:
     D:3: 1197 daAuts
     D:1: 1050 daAuts
     D:2: 1009 daAuts
     D:4: 32 daAuts
